Map: Kairos Junction LE

Players

Lambo

  • Race: Zerg Zerg
  • League: Master
  • Spawn Location: 5:00

ZhuGeLiang - Winner!

  • Race: Zerg Zerg
  • League: Grandmaster
  • Spawn Location: 11:00

Event: 2019 Assembly Summer

VOD

Have the link to the VOD?

Description

Time

  • Played on: Aug. 1, 2019, 8:09 a.m.
  • Length: 9:04

All games in this series

Show
View Real Time Build Order
Export as new Build Order

Lambo Zerg 

Build Orders: Hatch First 

Get SALT Encoding   

  12  0:00  Drone  
  13  0:12  Overlord  
  13  0:18  Drone  
  14  0:30  Drone x2  
  16  0:48  Hatchery  
  15  0:51  Drone  
  15  0:55  Drone  
  17  1:08  Spawning Pool  
  16  1:11  Extractor  
  16  1:13  Drone  
  16  1:16  Drone  
  17  1:20  Drone  
  18  1:28  Drone  
  19  1:39  Drone  
  20  1:49  Overlord  
  20  1:55  Queen  
  20  1:59  Queen  
  20  2:00  Drone, Zergling x2  
  26  2:11  Metabolic Boost  
  26  2:12  Drone x2  
  28  2:22  Drone  
  29  2:23  Drone  
  30  2:36  Hatchery  
  29  2:37  Drone  
  29  2:39  Drone  
  29  2:43  Drone  
  32  2:49  Evolution Chamber  
  31  2:52  Overlord  
  31  2:53  Drone  
  31  2:56  Drone  
  33  3:04  Drone, Roach Warren  
  33  3:08  Drone  
  33  3:11  Drone x2  
  36  3:14  Drone  
  36  3:19  Zerg Missile Weapons Level 1  
  37  3:21  Drone  
  37  3:22  Drone  
  37  3:26  Overlord  
  39  3:29  Zergling x2  
  39  3:31  Zergling x2  
  41  3:34  Drone  
  41  3:35  Drone  
  41  3:38  Overlord  
  43  3:41  Zergling x2  
  43  3:45  Extractor  
  43  3:48  Queen  
  45  3:49  Zergling x2  
  45  3:50  Zergling x2  
  47  3:56  Drone x3  
  47  4:00  Lair  
  47  4:02  Extractor  
  49  4:03  Drone  
  49  4:05  Drone  
  49  4:09  Drone x3  
  54  4:14  Drone x3  
  57  4:22  Drone, Overlord  
  58  4:29  Roach x4  
  65  4:33  Overlord  
  65  4:36  Overlord  
  65  4:39  Overlord  
  71  4:45  Roach x3  
  71  4:49  Overlord  
  71  4:50  Roach  
  73  4:54  Overlord  
  73  4:56  Roach  
  73  4:57  Overlord  
  73  5:00  Roach  
  73  5:04  Roach x2  
  79  5:09  Roach x2  
  79  5:12  Overlord  
  79  5:14  Roach  
  82  5:15  Glial Reconstitution  
  82  5:20  Overseer  
  82  5:21  Overlord, Extractor  
  81  5:22  Drone  
  81  5:27  Roach x2  
  86  5:29  Roach  
  86  5:34  Roach x2  
  92  5:40  Roach x3  
  98  5:43  Overlord  
  98  5:45  Roach  
  98  5:47  Overlord  
  102  5:50  Roach  
  102  5:56  Roach x2  
  106  5:59  Roach x2  
  106  6:03  Roach x2  
  114  6:09  Roach x2  
  116  6:13  Roach  
  116  6:14  Roach  
  116  6:17  Roach  
  110  6:18  Roach  
  110  6:20  Roach, Zergling x2  
  110  6:24  Roach  
  95  6:26  Roach  
  95  6:28  Roach  
  95  6:31  Roach  
  91  6:33  Roach  
  91  6:36  Roach x2  
  91  6:38  Roach  
  87  6:40  Roach  
  82  6:47  Roach x2  
  82  6:51  Roach  
  82  6:53  Roach  
  82  6:56  Roach  
  82  6:58  Roach  
  82  7:00  Roach  
  78  7:04  Roach  
  74  7:09  Roach x2  
  74  7:10  Queen  
  74  7:15  Roach  
  76  7:19  Roach x2  
  76  7:21  Roach  
  70  7:31  Roach x2  
  70  7:32  Roach  
  68  7:39  Queen  
  68  7:40  Queen  
  68  7:42  Roach x2  
  73  7:46  Roach  
  73  7:53  Roach x2  
  73  7:56  Roach  
  73  8:03  Roach x2  
  77  8:06  Roach  
  77  8:13  Roach x2  
  77  8:17  Roach  
  83  8:23  Ravager  
  83  8:24  Roach x2  
  86  8:27  Roach  
  88  8:34  Roach  
  88  8:35  Roach  
  88  8:39  Roach  
Show
View Real Time Build Order
Export as new Build Order

ZhuGeLiang Zerg - Winner!

Build Orders: Hatch First 

Get SALT Encoding   

  12  0:00  Drone  
  13  0:12  Overlord  
  13  0:16  Drone  
  14  0:31  Drone x2  
  16  0:48  Hatchery  
  15  0:52  Drone  
  15  0:55  Drone  
  17  0:58  Drone  
  18  1:09  Extractor  
  17  1:14  Spawning Pool  
  17  1:17  Drone  
  17  1:20  Drone  
  18  1:28  Drone  
  19  1:38  Drone  
  20  1:49  Drone  
  21  2:00  Overlord  
  21  2:01  Queen x2  
  21  2:02  Drone  
  26  2:11  Drone x2  
  28  2:22  Drone x2  
  30  2:32  Zergling x2  
  30  2:34  Drone  
  30  2:36  Queen  
  30  2:37  Queen  
  32  2:44  Overlord x2  
  36  2:48  Roach Warren  
  35  2:54  Drone  
  36  3:02  Drone  
  36  3:04  Drone  
  38  3:06  Drone  
  38  3:11  Drone x6  
  45  3:18  Lair  
  45  3:19  Drone x2  
  47  3:26  Evolution Chamber, Extractor  
  45  3:30  Drone  
  45  3:31  Drone  
  47  3:41  Overlord  
  47  3:42  Drone  
  47  3:45  Drone x4  
  52  3:52  Zerg Missile Weapons Level 1  
  52  3:53  Overlord  
  52  3:56  Extractor  
  52  4:00  Drone  
  52  4:01  Roach, Drone, Extractor  
  54  4:07  Roach x2  
  58  4:16  Roach x2  
  62  4:18  Glial Reconstitution  
  62  4:21  Roach  
  62  4:23  Overlord x2  
  64  4:25  Drone x2  
  64  4:27  Roach  
  68  4:33  Overlord  
  68  4:35  Overseer  
  68  4:38  Overlord  
  68  4:43  Roach  
  70  4:48  Overlord  
  70  4:50  Roach x3  
  70  4:51  Roach x2  
  80  4:56  Overlord  
  80  4:58  Roach  
  82  5:03  Overlord  
  82  5:12  Roach  
  84  5:15  Roach  
  84  5:18  Queen  
  84  5:20  Roach  
  84  5:21  Roach x5  
  100  5:31  Hatchery  
  99  5:37  Ravager x4  
  99  5:42  Roach x3  
  109  5:44  Roach  
  109  5:46  Roach  
  113  5:50  Roach  
  113  5:56  Roach x3  
  121  5:59  Roach  
  121  6:02  Overlord  
  121  6:03  Drone  
  124  6:17  Roach x4  
  116  6:21  Zerg Missile Weapons Level 2  
  98  6:27  Roach  
  98  6:28  Roach x2  
  96  6:33  Roach x3  
  96  6:35  Roach  
  96  6:39  Roach  
  104  6:46  Ravager  
  105  6:53  Roach x3  
  99  6:57  Queen  
  99  6:59  Roach x3  
  101  7:08  Drone x4  
  95  7:09  Drone x4  
  93  7:17  Roach x2  
  93  7:18  Roach  
  93  7:29  Roach x3  
  95  7:36  Roach x2  
  93  7:46  Roach x2  
  93  7:47  Roach x5  
  105  7:57  Roach x2  
  105  7:58  Roach  
  107  8:04  Roach x2  
  109  8:12  Roach x8  
  123  8:16  Roach  
  123  8:21  Roach  
  123  8:22  Roach  
  123  8:26  Ravager  
  128  8:27  Roach x2  
  132  8:34  Roach  
  132  8:35  Roach  
  132  8:39  Overlord  
  136  8:42  Overlord  
  136  8:43  Overseer  
  136  8:45  Overlord  
Tags
 
Add a new tag
Caveats
  • Supply blocks, unpowered buildings, or Contaminate may cause inaccurate times.
  • Supply counts are checked every 10 seconds.